 Dungeon Crawl Stone Soup version 0.30-a0-924-g0ad0bf95bc (webtiles) character file.

Game seed: 14247184580933809530

1551 gohu the Cleaver (level 8, -2/69 (71) HPs)
             Began as a Hill Orc Fighter on Mar 22, 2023.
             Was a Believer of Okawaru.
             Slain by a human
             ... wielding a +0 club
              (5 damage)
             ... on level 6 of the Dungeon.
             The game lasted 00:13:24 (6107 turns).

gohu the Cleaver (Hill Orc Fighter)                 Turns: 6107, Time: 00:13:25

HP:   -2/69 (71)    AC: 12    Str: 21    XL:     8   Next: 88%
MP:   8/8           EV:  7    Int:  8    God:    Okawaru [**....]
Gold: 284           SH:  4    Dex: 10    Spells: 7/7 levels left

rFire   . . .      SeeInvis +    a - +0 war axe
rCold   . . .      Faith    +    c - +0 buckler
rNeg    . . .      Spirit   .    z - +0 chain mail
rPois   .          Reflect  .    l - +0 helmet
rElec   .          Rampage  .    m - +0 cloak
rCorr   .                        (no gloves)
Will    .....                    (no boots) Stlth
                                 g - amulet of faith
HPRegen 0.31/turn                n - ring of see invisible
MPRegen 0.11/turn                (no ring)

@: mighty, lightly drained
A: no striking features
a: Renounce Religion, Heroism


You were on level 6 of the Dungeon.
You worshipped Okawaru.
Okawaru was pleased with you.
You visited 2 branches of the dungeon, and saw 8 of its levels.
You also visited: Ossuary.

You collected 284 gold pieces.

Inventory:

Hand Weapons
 a - a +0 war axe (weapon)
Missiles
 e - 4 javelins (quivered)
Armour
 b - a +0 scale mail
 c - a +0 buckler (worn)
 l - a +0 helmet (worn)
 m - a +0 cloak (worn)
 w - a +0 cloak
 z - a +0 chain mail (worn)
Jewellery
 g - an amulet of faith (around neck)
 n - a ring of see invisible (left hand)
 A - a ring of positive energy
Wands
 o - a wand of roots (7)
 y - a wand of paralysis (11)
 C - a wand of polymorph (12)
Scrolls
 j - 6 scrolls of identify
 p - a scroll of teleportation
 t - 2 scrolls of acquirement {unknown}
 v - a scroll of vulnerability {unknown}
 x - a scroll of torment {unknown}
 B - a scroll of magic mapping {unknown}
 D - a scroll of immolation {unknown}
 E - a scroll of brand weapon {unknown}
Potions
 d - 3 potions of degeneration {unknown}
 f - 3 potions of lignification {unknown}
 h - 4 potions of brilliance {unknown}
 i - 2 potions of curing {unknown}
 k - 2 potions of berserk rage {unknown}
 q - 2 potions of experience {unknown}
 r - a potion of ambrosia {unknown}
 u - 2 potions of attraction {unknown}


   Skills:
 * Level 6.3 Fighting
 * Level 10.1 Axes
 * Level 4.2 Throwing
 + Level 5.5 Armour
 - Level 3.2 Shields


You had 7 spell levels left.
You didn't know any spells.
Your spell library contained the following spells:

 Spells                   Type           Power      Damage    Failure   Level
 Poisonous Vapours        Pois/Air       0%         N/A       100%        2
 Freezing Cloud           Conj/Ice/Air   0%         6-21      100%        5
 Ozocubu's Refrigeration  Ice            0%         4d7       100%        7
 Polar Vortex             Ice            0%         N/A       100%        9
 Summon Ice Beast         Ice/Summ       Unusable   N/A       N/A         4
 Simulacrum               Ice/Necr       Unusable   N/A       N/A         6

Dungeon Overview and Level Annotations

Branches:
Dungeon (7/15)             Temple (1/1) D:5         Ossuary (visited)

Altars:
Ashenzari
Cheibriados
Dithmenos
Elyvilon
Fedhas
Hepliaklqana
Kikubaaqudgha
Makhleb
Nemelex Xobeh
Okawaru
Qazlal
Sif Muna
Trog
Vehumet
Wu Jian
Xom
Yredelemnul
The Shining One

Shops:
D:1 (   D:5 [

Portals:
Abyss: D:4

Annotations:
D:4 1 transporter, alfthe's ghost, amateur HOFi
D:5 2 runed translucent doors


Message History

The human hits you with a +0 club. The human closely misses you.
The human hits you. The human closely misses you.
You closely miss the human.
The human is almost dead.
You miss the human. You closely miss the human. x2
The human hits you with a +0 club. The human hits you with a +0 club!
The human hits you. The human hits you but does no damage.
You are too injured to fight recklessly!
The human attacks as you move away! The human hits you but does no damage.
The human hits you. The human attacks as you move away!
The human hits you with a +0 club!
* * * LOW HITPOINT WARNING * * *
You closely miss the human.
The human is moderately wounded.
You closely miss the human. The human barely misses you.
The human hits you with a +0 club.
* * * LOW HITPOINT WARNING * * *
You feel very mighty all of a sudden. You block the human's attack.
The human hits you but does no damage. x2
You slash the human!
The human is heavily wounded.
You closely miss the human. You hit the human. You block the human's attack.
The human hits you but does no damage.
The human wields a +0 sling.
The human shoots a sling bullet.
The sling bullet hits you.
* * * LOW HITPOINT WARNING * * *
You slash the human!
The human is almost dead.
You closely miss the human. You slash the human!
The human completely misses you. The human hits you with a +0 club.
* * * LOW HITPOINT WARNING * * *
The human hits you but does no damage.
The human shoots a sling bullet.
The sling bullet hits you.
* * * LOW HITPOINT WARNING * * *
The human hits you but does no damage.
You slice the human!!
You kill the human!
Okawaru accepts your kill.
You barely miss the human. You hit the human.
The human hits you with a +0 club.
You die...

#.## ##..# ##...
#...###...########....
#.....#...............
#.................####
#.........##....### ##
#........####...## ##.
#.##......# ##...###..
##p..#..# ###...#..
##p)@##..# ##.....
##..p####..# ##...#..
#...## ..# #...###.
#.>## ..####...# #.
#..# #..##...## #.
#.## #..#....###.. ##
######^.....##....
#..[.##.....#....#
##P♣.............#


You could see 3 humans.

Vanquished Creatures
  Grinder (D:4)
  Sigmund (D:2)
  A human (D:6)
  A black bear (D:3)
  A phantom (D:4)
  An elf zombie (Ossuary)
  A bullfrog (D:4)
  3 scorpions (D:6)
  A human zombie (Ossuary)
  3 centaur zombies (Ossuary)
  A jelly (D:4)
  5 hounds
  2 sleepcaps
  3 iguanas
  An orc wizard (D:3)
  2 mummies (Ossuary)
  7 adders
  4 shadow imps
  3 ufetubi (D:6)
  An adder zombie (Ossuary)
  A worm (D:4)
  3 dart slugs
  14 orcs
  7 ball pythons
  4 bats
  11 endoplasms
  4 giant cockroaches
  6 goblins
  2 hobgoblins (D:3)
  3 jackals (D:1)
  8 kobolds
  6 quokkas
  3 frilled lizards
  A goblin zombie (Ossuary)
  3 hobgoblin zombies (Ossuary)
  3 jackal zombies (Ossuary)
  11 kobold zombies (Ossuary)
  11 orc zombies (Ossuary)
  5 rats
  A rat zombie (Ossuary)
150 creatures vanquished.

Vanquished Creatures (others)
  A demonic plant (D:6)
  A fungus (D:3)
  2 plants (D:3)
4 creatures vanquished.

Grand Total: 154 creatures vanquished

Notes
Turn   | Place    | Note
-------+----------+-------------------------------------------
     0 | D:1      | gohu the Hill Orc Fighter began the quest for the Orb.
     0 | D:1      | Reached XP level 1. HP: 19/19 MP: 1/1
    85 | D:1      | Found Qoezeagutzi's Antique Weapon Shoppe.
   131 | D:1      | Reached XP level 2. HP: 27/27 MP: 2/2
   143 | D:1      | Reached skill level 3 in Axes
   435 | D:1      | Reached XP level 3. HP: 34/34 MP: 3/3
   859 | D:2      | Noticed Sigmund
   956 | D:2      | Reached skill level 4 in Axes
  1008 | D:3      | Noticed a black bear
  1237 | D:3      | Reached XP level 4. HP: 40/41 MP: 4/4
  1263 | D:2      | Killed Sigmund
  1264 | D:2      | Reached skill level 5 in Fighting
  1264 | D:2      | Reached skill level 6 in Axes
  1264 | D:2      | Reached XP level 5. HP: 34/48 MP: 5/5
  1406 | D:2      | Got Sif Muna's Verses on Frostbite and the Adder
  1619 | D:2      | Reached XP level 6. HP: 56/56 MP: 6/6
  2208 | D:3      | Found an ornate altar of the Wu Jian Council.
  2209 | D:3      | Found a sparkling altar of Nemelex Xobeh.
  2244 | D:4      | Noticed Grinder
  2270 | D:3      | Killed a black bear
  2271 | D:3      | Reached skill level 7 in Axes
  2469 | D:3      | Found a faded altar of an unknown god.
  2773 | D:4      | Noticed a small abomination
  2773 | D:4      | Noticed a small abomination
  2782 | D:4      | Reached XP level 7. HP: 59/61 MP: 7/7
  2845 | D:4      | Found a transporter.
  3021 | D:5      | Entered Level 5 of the Dungeon
  3194 | D:5      | Found a radiant altar of Vehumet.
  3308 | D:5      | Reached skill level 8 in Axes
  3489 | D:6      | Found a sand-covered staircase.
  3495 | Ossuary  | Entered an ossuary
  3645 | Ossuary  | Reached skill level 1 in Throwing
  3881 | D:6      | Reached XP level 8. HP: 70/70 MP: 8/8
  4036 | D:5      | Found Ykyschugo's Antique Armour Shop.
  4142 | D:5      | Found a runed translucent door.
  4144 | D:5      | Found a runed translucent door.
  4157 | D:5      | Identified the +1 spear of Nouffo {vamp, Str+6 Dex+6}
  4222 | D:5      | Found a staircase to the Ecumenical Temple.
  4231 | Temple   | Entered the Ecumenical Temple
  4314 | Temple   | Became a worshipper of Warmaster Okawaru
  4798 | D:4      | Identified the +6 sling of the Puffball {flame, Drain
                  | +Blink Str+3}
  4873 | D:4      | Reached skill level 9 in Axes
  4884 | D:4      | Found a one-way gate to the infinite horrors of the Abyss.
  4884 | D:4      | Noticed alfthe's ghost (amateur HOFi)
  5299 | D:4      | Killed Grinder
  5299 | D:4      | Reached * piety under Okawaru
  5300 | D:4      | Reached skill level 5 in Armour
  5750 | D:7      | Reached skill level 10 in Axes
  6105 | D:6      | HP: 3/69 [human/sling bullet (6)]
  6107 | D:6      | Reached ** piety under Okawaru
  6107 | D:6      | Slain by a human

Illustrated notes

Levels and vault maps discovered:
D:1:      amcnicky_arrival_gap_in_the_tavern_cellar, layout_loops_ring,
          serial_shops, nicolae_shop_stone, st_stairs_2, roderic_roman_lattice
D:2:      layout_basic, uniq_sigmund
D:3:      layout_rooms, gammafunk_temple_overflow_pools,
          shapermc_ecumenical_altar_ellora
D:4:      layout_cave_pools, gammafunk_ghost_abyssal_escape, uniq_grinder
D:5:      lemuel_insect_pit, layout_loops_ring, lemuel_coloured_pillars_altar,
          minmay_temple_entry_butterflies, serial_shops,
          nicolae_shop_statue_plus
D:6:      layout_layer_cave, nicolae_ossuary_entry_plus, serial_demonic,
          serial_demonic_a, serial_demonic_e, serial_demonic_f,
          serial_demonic_d, nicolae_zen_rock_garden
D:7:      layout_rooms, pdpol_temple_overflow_zin_treasury_gozag_greed,
          minmay_ruffians
Temple:   nicolae_temple_elliptical

Skill      XL: |  1  2  3  4  5  6  7  8 |
---------------+-------------------------+-----
Fighting       | 4 5 6 |  6.3
Axes           | 3 4 6 7 8 10 | 10.1
Armour         | 4 5 |  5.5
Throwing       | 3 4 |  4.2
Shields        | |  3.2

Action                     |  1- 3 |  4- 6 |  7- 9 || total
---------------------------+-------+-------+-------++-------
  Melee: War axe           |    96 |   110 |   264 ||   470
  Throw: Javelin           |       |    12 |    18 ||    30
    Use: Potion            |       |     1 |     1 ||     2
         Scroll            |       |       |     4 ||     4
 Armour: Scale mail        |    53 |    63 |    97 ||   213
         Chain mail        |       |       |    53 ||    53
  Dodge: Dodged            |    40 |    52 |   125 ||   217
  Block: Buckler           |     8 |    25 |    70 ||   103

Table legend: (Time is in decaauts)
 A = Elapsed time spent in this place.
 B = Non-inter-level travel time spent in this place.
 C = Inter-level travel time spent in this place.
 D = Time resting spent in this place.
 E = Time spent auto-exploring this place.
 F = Levels seen in this place.
 G = Mean time per level.
                   A        B        C        D        E       F      G
               +--------+--------+--------+--------+--------+-----+--------+
         Total |   6220 |   5947 |    273 |    455 |   3879 |   9 |  691.1 |
       Dungeon |   5755 |   5482 |    273 |    455 |   3729 |   7 |  822.1 |
        Temple |     95 |     95 |      0 |      0 |      0 |   1 |   95.0 |
       Ossuary |    369 |    369 |      0 |      0 |    150 |   1 |  369.0 |
               +--------+--------+--------+--------+--------+-----+--------+

Top non-repeatable levels by time:
     D:5: 1138 daAuts
     D:2: 1040 daAuts
     D:3: 930 daAuts
     D:1: 903 daAuts
     D:4: 889 daAuts
     D:6: 824 daAuts
 Ossuary: 369 daAuts
  Temple: 95 daAuts
     D:7: 27 daAuts
